3L
KINGSTON TOWNSHIP KNIGHTS @ FT. WORTH CATTLEMEN
07/05/2034
 
TOP OF THE 1ST
Kingston Township Knights batting - Pitching for Ft. Worth Cattlemen : RHP Robbie Betchley
Pitching: RHP Robbie Betchley
Batting: RHB Alfredo Cardenas 0-0: Swinging Strike
0-1: Swinging Strike
0-2: Ball
1-2: Foul Ball, location: 2F
1-2: Strikes out swinging, 2-3 out at first.
Batting: LHB António González 0-0: Called Strike
0-1: Ball
1-1: Ball
2-1: Ground out U3 (Groundball, 3)
Batting: RHB Ron Bernard 0-0: Ball
1-0: Swinging Strike
1-1: Foul Ball, location: 2F
1-2: Foul Ball, location: 2F
1-2: Ball
2-2: Foul Ball, location: 2F
2-2: Ball
3-2: SOLO HOME RUN (Flyball, 78XD), Distance : 415 ft
Batting: RHB EP Weston 0-0: Ball
1-0: Ground out 4-3 (Groundball, 4)
Top of the 1st over - 1 run, 1 hit, 0 errors, 0 left on base; Kingston Township 1 - Ft. Worth 0
BOTTOM OF THE 1ST
Ft. Worth Cattlemen batting - Pitching for Kingston Township Knights : RHP Victor de Meij
Pitching: RHP Victor de Meij
Batting: SHB Javier Vázquez 0-0: Ball
1-0: Ball
2-0: Ball
3-0: Base on Balls
Batting: SHB Roberto Mosca 0-0: Swinging Strike
0-1: Ball
1-1: Ball
2-1: Swinging Strike
2-2: Fly out, F4 (Line Drive, 4)
Batting: LHB Jesús Morales 0-0: Fly out, F9 (Flyball, 9LSF)
Batting: RHB Bart Lewis 0-0: DOUBLE (Line Drive, 8RD)
Javier Vázquez to third
Javier Vázquez scores
Batting: LHB Fernando Ramírez 0-0: Called Strike
0-1: Fly out, F8 (Flyball, 8LXD)
Bottom of the 1st over - 1 run, 1 hit, 0 errors, 1 left on base; Kingston Township 1 - Ft. Worth 1
TOP OF THE 2ND
Kingston Township Knights batting - Pitching for Ft. Worth Cattlemen : RHP Robbie Betchley
Batting: RHB Júlio Rodríguez 0-0: Fly out, F9 (Flyball, 9S)
Batting: LHB Gustavo Cortéz 0-0: Foul Ball, location: 2F
0-1: Ball
1-1: Ball
2-1: Swinging Strike
2-2: Foul Ball, location: 2F
2-2: Ball
3-2: Strikes out looking
Batting: RHB José Icaza 0-0: Foul Ball, location: 2F
0-1: Swinging Strike
0-2: Strikes out swinging
Top of the 2nd over - 0 runs, 0 hits, 0 errors, 0 left on base; Kingston Township 1 - Ft. Worth 1
BOTTOM OF THE 2ND
Ft. Worth Cattlemen batting - Pitching for Kingston Township Knights : RHP Victor de Meij
Batting: RHB António Pérez 0-0: Ground out 5-3 (Groundball, 56)
Batting: RHB Juan Cabrera 0-0: Ball
1-0: Foul Ball, location: 2F
1-1: SINGLE (Groundball, 6MD)
Batting: RHB Keiran Calleson 0-0: Called Strike
0-1: Ball
1-1: Ball
2-1: Ball
3-1: Foul Ball, location: 2F
3-2: Base on Balls
Juan Cabrera to second
Batting: RHB Colby King 0-0: Ball
1-0: Ground out 3-1 (Groundball, 34S)
Juan Cabrera to third
Keiran Calleson to second
Batting: SHB Javier Vázquez 0-0: Called Strike
0-1: Ball
1-1: Called Strike
1-2: SINGLE (Groundball, 6S) (infield hit)
Juan Cabrera scores
Keiran Calleson to third
Batting: SHB Roberto Mosca 0-0: Ball
1-0: Fly out, F8 (Flyball, 8LD)
Bottom of the 2nd over - 1 run, 2 hits, 0 errors, 2 left on base; Kingston Township 1 - Ft. Worth 2
TOP OF THE 3RD
Kingston Township Knights batting - Pitching for Ft. Worth Cattlemen : RHP Robbie Betchley
Batting: RHB Alejandro Serrato 0-0: Called Strike
0-1: Foul Ball, location: 2F
0-2: Ball
1-2: Ball
2-2: Foul Ball, location: 2F
2-2: SINGLE (Groundball, 56D)
Batting: LHB Ruben Yim 0-0: Ball
1-0: Called Strike
1-1: Ball
2-1: Called Strike
2-2: Ball
3-2: Foul Ball, location: 2F
3-2: Foul Ball, location: 2F
3-2: Strikes out swinging
Batting: RHB Alfredo Cardenas 0-0: Foul Ball, location: 2F
0-1: Foul Ball, location: 2F
0-2: Ball
1-2: Foul Ball, location: 2F
1-2: Ball
2-2: Strikes out looking
Batting: LHB António González 0-0: Ball
1-0: Ball
2-0: Called Strike
2-1: Called Strike
2-2: Ball
3-2: Foul Ball, location: 2F
3-2: SINGLE (Line Drive, 9S)
Alejandro Serrato to second
Alejandro Serrato to third
Batting: RHB Ron Bernard 0-0: Ball
1-0: Called Strike
1-1: Ball
2-1: Ball
3-1: Fly out, F8 (Flyball, 8RM)
Top of the 3rd over - 0 runs, 2 hits, 0 errors, 2 left on base; Kingston Township 1 - Ft. Worth 2
BOTTOM OF THE 3RD
Ft. Worth Cattlemen batting - Pitching for Kingston Township Knights : RHP Victor de Meij
Batting: LHB Jesús Morales 0-0: Called Strike
0-1: Ground out 4-3 (Groundball, 4)
Batting: RHB Bart Lewis 0-0: Ball
1-0: Ball
2-0: Called Strike
2-1: Foul Ball, location: 2F
2-2: Ball
3-2: Foul Ball, location: 2F
3-2: SINGLE (Flyball, 7LS) - OUT at second base trying to stretch hit.
Batting: LHB Fernando Ramírez 0-0: Fly out, F2 (Popup, 15S)
Bottom of the 3rd over - 0 runs, 1 hit, 0 errors, 0 left on base; Kingston Township 1 - Ft. Worth 2
TOP OF THE 4TH
Kingston Township Knights batting - Pitching for Ft. Worth Cattlemen : RHP Robbie Betchley
Batting: RHB EP Weston 0-0: Foul Ball, location: 2F
0-1: Foul Ball, location: 2F
0-2: Fly out, F6 (Line Drive, 56)
Batting: RHB Júlio Rodríguez 0-0: Ball
1-0: Foul Ball, location: 2F
1-1: Foul Ball, location: 2F
1-2: Ground out 5-3 (Groundball, 56)
Batting: LHB Gustavo Cortéz 0-0: Foul Ball, location: 2F
0-1: Ball
1-1: Foul Ball, location: 2F
1-2: Ball
2-2: Strikes out looking
Top of the 4th over - 0 runs, 0 hits, 0 errors, 0 left on base; Kingston Township 1 - Ft. Worth 2
BOTTOM OF THE 4TH
Ft. Worth Cattlemen batting - Pitching for Kingston Township Knights : RHP Victor de Meij
Batting: RHB António Pérez 0-0: Ball
1-0: Called Strike
1-1: Ball
2-1: Foul Ball, location: 2F
2-2: Fly out, F4 (Popup, 4S)
Batting: RHB Juan Cabrera 0-0: Ball
1-0: Ball
2-0: Ball
3-0: Called Strike
3-1: Called Strike
3-2: Fly out, F9 (Flyball, 89M)
Batting: RHB Keiran Calleson 0-0: SINGLE (Line Drive, 4D)
Batting: RHB Colby King 0-0: Ball
1-0: Swinging Strike
1-1: Foul Ball, location: 2F
1-2: Ball
2-2: Ball
3-2: Base on Balls
Keiran Calleson to second
Batting: SHB Javier Vázquez 0-0: Called Strike
0-1: Ball
1-1: DOUBLE (Line Drive, 5D)
Keiran Calleson scores
Colby King to third
Runner from 3rd tries for Home, SAFE, no throw
Pitching: RHP Octávio Moya
Batting: SHB Roberto Mosca 0-0: Ball
1-0: Ball
2-0: Called Strike
2-1: Called Strike
2-2: Foul Ball, location: 2F
2-2: Ball
3-2: Foul Ball, location: 2F
3-2: Base on Balls
Batting: LHB Jesús Morales 0-0: Foul Ball, location: 2F
0-1: Swinging Strike
0-2: Ball
1-2: Fly out, F9 (Line Drive, 89M)
Bottom of the 4th over - 2 runs, 2 hits, 0 errors, 2 left on base; Kingston Township 1 - Ft. Worth 4
TOP OF THE 5TH
Kingston Township Knights batting - Pitching for Ft. Worth Cattlemen : RHP Robbie Betchley
Batting: RHB José Icaza 0-0: Foul Ball, location: 2F
0-1: Foul Ball, location: 2F
0-2: Ball
1-2: SINGLE (Groundball, 56) (infield hit)
Batting: RHB Alejandro Serrato 0-0: Ball
1-0: Ball
2-0: Called Strike
2-1: Called Strike
2-2: Ball
3-2: Grounds into double play, 6-4-3 (Groundball, 6)
Batting: LHB Ruben Yim 0-0: Swinging Strike
0-1: Swinging Strike
0-2: Ball
1-2: Ball
2-2: Strikes out swinging, 2-3 out at first.
Top of the 5th over - 0 runs, 1 hit, 0 errors, 0 left on base; Kingston Township 1 - Ft. Worth 4
BOTTOM OF THE 5TH
Ft. Worth Cattlemen batting - Pitching for Kingston Township Knights : RHP Octávio Moya
Batting: RHB Bart Lewis 0-0: Called Strike
0-1: Called Strike
0-2: Ball
1-2: Foul Ball, location: 2F
1-2: Foul Ball, location: 2F
1-2: Strikes out swinging
Batting: LHB Fernando Ramírez 0-0: Called Strike
0-1: Ball
1-1: Ball
2-1: Ball
3-1: Base on Balls
Batting: RHB António Pérez 0-0: Ball
1-0: Ball
2-0: Ball
3-0: Called Strike
3-1: Fielders Choice at 2nd, 5-4 (Groundball, 56)
Batting: RHB Juan Cabrera 0-0: Fielders Choice at 2nd, 5-4 (Groundball, 56)
Bottom of the 5th over - 0 runs, 0 hits, 0 errors, 1 left on base; Kingston Township 1 - Ft. Worth 4
TOP OF THE 6TH
Kingston Township Knights batting - Pitching for Ft. Worth Cattlemen : RHP Robbie Betchley
Batting: RHB Alfredo Cardenas 0-0: Called Strike
0-1: Foul Ball, location: 2F
0-2: Foul Ball, location: 2F
0-2: SINGLE (Groundball, 6MD)
Batting: LHB António González 0-0: Bunted foul
0-1: Ball
1-1: Sac Bunt - play at first, batter OUT! 1-4
Alfredo Cardenas to second
Batting: RHB Ron Bernard 0-0: Called Strike
Throwing error on steal attempt, E2
Alfredo Cardenas scores
0-1: Foul Ball, location: 2F
0-2: Foul Ball, location: 2F
0-2: Ball
1-2: Ball
2-2: Ball
3-2: Foul Ball, location: 2F
3-2: Strikes out swinging
Batting: RHB EP Weston 0-0: Ball
1-0: Swinging Strike
1-1: Ball
2-1: Ball
3-1: Ground out 5-3 (Groundball, 5L)
Top of the 6th over - 1 run, 1 hit, 1 error, 0 left on base; Kingston Township 2 - Ft. Worth 4
BOTTOM OF THE 6TH
Ft. Worth Cattlemen batting - Pitching for Kingston Township Knights : RHP Octávio Moya
Batting: RHB Keiran Calleson 0-0: Ball
1-0: Ball
2-0: Fly out, F9 (Flyball, 89S)
Batting: RHB Colby King 0-0: Ball
1-0: Swinging Strike
1-1: Foul Ball, location: 2F
1-2: Ball
2-2: Ball
3-2: Base on Balls
Batting: SHB Javier Vázquez 0-0: Swinging Strike
0-1: Ball
1-1: Ball
2-1: Foul Ball, location: 2F
2-2: Strikes out swinging
Batting: SHB Roberto Mosca 0-0: Ball
1-0: Foul Ball, location: 2F
1-1: Reached on error, E6 (Popup, 6)
Colby King to second
Batting: LHB Jesús Morales 0-0: SINGLE (Groundball, 34D)
Colby King to third
Roberto Mosca to second
Runner from 3rd tries for Home, SAFE, throw made home
Batting: RHB Bart Lewis 0-0: Foul Ball, location: 2F
0-1: Ball
1-1: Foul Ball, location: 2F
1-2: SINGLE (Line Drive, 6)
Roberto Mosca to third
Jesús Morales to second
Runner from 3rd tries for Home, SAFE, no throw
Batting: LHB Fernando Ramírez 0-0: Fielders Choice at 2nd, 6-4 (Groundball, 6)
Bottom of the 6th over - 2 runs, 2 hits, 1 error, 2 left on base; Kingston Township 2 - Ft. Worth 6
TOP OF THE 7TH
Kingston Township Knights batting - Pitching for Ft. Worth Cattlemen : RHP Robbie Betchley
Pitching: LHP Steve Seabolt
Batting: RHB Júlio Rodríguez 0-0: Called Strike
0-1: Ground out 6-3 (Groundball, 6)
Batting: LHB Gustavo Cortéz 0-0: Called Strike
0-1: Called Strike
0-2: Ball
1-2: Ball
2-2: Ball
3-2: Base on Balls
Batting: RHB José Icaza 0-0: Called Strike
0-1: Foul Ball, location: 2F
0-2: Strikes out looking
Batting: RHB Alejandro Serrato 0-0: Ball
1-0: SINGLE (Groundball, 56S) (infield hit)
Gustavo Cortéz to second
Batting: LHB Ruben Yim 0-0: Ball
1-0: Ball
2-0: Called Strike
2-1: Called Strike
2-2: Ball
3-2: Foul Ball, location: 2F
3-2: Strikes out swinging
Top of the 7th over - 0 runs, 1 hit, 0 errors, 2 left on base; Kingston Township 2 - Ft. Worth 6
BOTTOM OF THE 7TH
Ft. Worth Cattlemen batting - Pitching for Kingston Township Knights : RHP Octávio Moya
Batting: RHB António Pérez 0-0: Foul Ball, location: 2F
0-1: Hit by Pitch
Batting: RHB Juan Cabrera 0-0: Ball
1-0: Ball
2-0: Foul Ball, location: 2F
2-1: Ball
3-1: Reached on error, E5 (Groundball, 56)
António Pérez to second
Pitching: RHP Kevin Pilkington
Batting: RHB Keiran Calleson 0-0: Ball
1-0: Fly out, F8 (Flyball, 8RXD)
Runner from 2nd tags up, SAFE at 3rd, no throw
Batting: RHB Colby King 0-0: Fly out, F7 (Line Drive, 7)
Runner from 3rd tags up, OUT at HOME
Bottom of the 7th over - 0 runs, 0 hits, 1 error, 1 left on base; Kingston Township 2 - Ft. Worth 6
TOP OF THE 8TH
Kingston Township Knights batting - Pitching for Ft. Worth Cattlemen : LHP Steve Seabolt
Batting: RHB Alfredo Cardenas 0-0: Foul Ball, location: 2F
0-1: Ball
1-1: SINGLE (Line Drive, 6MD)
Batting: LHB António González 0-0: Swinging Strike
0-1: Ball
1-1: Called Strike
1-2: Ball
2-2: Fielders Choice at 2nd, 3-6 (Groundball, 34)
Batting: RHB Ron Bernard 0-0: Called Strike
0-1: Foul Ball, location: 2F
0-2: Ball
1-2: Fielders Choice at 2nd, 3-6 (Groundball, 3)
Batting: RHB EP Weston 0-0: Ball
1-0: SINGLE (Groundball, 4D)
Ron Bernard to second
Runner from 2nd tries for 3rd, SAFE, no throw
Batting: RHB Júlio Rodríguez 0-0: Ball
1-0: Fly out, F9 (Flyball, 89D)
Top of the 8th over - 0 runs, 2 hits, 0 errors, 2 left on base; Kingston Township 2 - Ft. Worth 6
BOTTOM OF THE 8TH
Ft. Worth Cattlemen batting - Pitching for Kingston Township Knights : RHP Kevin Pilkington
Batting: SHB Javier Vázquez 0-0: Ball
1-0: Called Strike
1-1: Foul Ball, location: 2F
1-2: Foul Ball, location: 2F
1-2: Ball
2-2: Foul Ball, location: 2F
2-2: Foul Ball, location: 2F
2-2: Ball
3-2: Fly out, F7 (Flyball, 78S)
Batting: SHB Roberto Mosca 0-0: Foul Ball, location: 2F
0-1: Foul Ball, location: 2F
0-2: SINGLE (Flyball, 8LS)
Batting: LHB Jesús Morales 0-0: Called Strike
0-1: Swinging Strike
0-2: Fielders Choice at 2nd, 1-6 (Groundball, 13)
Batting: RHB Bart Lewis 0-0: Ball
1-0: SINGLE (Groundball, 34D)
Jesús Morales to second
Runner from 2nd tries for 3rd, SAFE, no throw
Batting: LHB Fernando Ramírez 0-0: Swinging Strike
0-1: Called Strike
0-2: Ball
1-2: Strikes out swinging
Bottom of the 8th over - 0 runs, 2 hits, 0 errors, 2 left on base; Kingston Township 2 - Ft. Worth 6
TOP OF THE 9TH
Kingston Township Knights batting - Pitching for Ft. Worth Cattlemen : LHP Steve Seabolt
Pitching: RHP Gojong Joseon
Batting: LHB Gustavo Cortéz 0-0: Ball
1-0: Ball
2-0: Foul Ball, location: 2F
2-1: Foul Ball, location: 2F
2-2: Ball
3-2: SOLO HOME RUN (Flyball, 9LD), Distance : 355 ft
Batting: RHB José Icaza 0-0: Ground out 5-3 (Groundball, 56)
Batting: RHB Alejandro Serrato 0-0: Called Strike
0-1: Ball
1-1: Called Strike
1-2: Strikes out swinging
Batting: LHB Ruben Yim 0-0: Ball
1-0: Ball
2-0: Ground out U3 (Groundball, 3)
Top of the 9th over - 1 run, 1 hit, 0 errors, 0 left on base; Kingston Township 3 - Ft. Worth 6
Friday, March 29th, 2019 - OOTP Baseball 18.8 Build 76